 Dungeon Sprint DCSS version 0.27-a0-1228-gfd60fd639a (webtiles) character file.

Game seed: 4861107762940940358

160 night the Grappler (level 5, -5/67 HPs)
             Began as a Troll Venom Mage on June 7, 2021.
             Was an Initiate of Gozag.
             Slain by a vampire (9 damage)
             ... in the Dungeon (Sprint IX: "|||||||||||||||||||||||||||||").
             The game lasted 00:01:41 (150 turns).

night the Grappler (Troll Venom Mage)                Turns: 150, Time: 00:01:42

Health: -5/67      AC:  4    Str: 19    XL:     5   Next: 17%
Magic:  2/5        EV:  9    Int: 15    God:    Gozag
Gold:   0          SH:  0    Dex: 10    Spells: 2/6 levels left

rFire    . . .     SeeInvis .     - Unarmed
rCold    . . .     Faith    .   (no shield)
rNeg     . . .     Spirit   .   a - +0 robe
rPois    .         Reflect  .   (helmet restricted)
rElec    .         Harm     .   (no cloak)
rCorr    .         Rampage  .   (gloves unavailable)
Will     .....     NoTele   +   (boots unavailable)
Stlth    ..........             (no amulet)
HPRegen  1.21/turn              k - +3 ring of intelligence
MPRegen  0.09/turn              l - +3 ring of strength

@: berserking, gold aura, very quick
A: large, unfitting armour, claws 3, regeneration 1, shaggy fur 1, tough skin 1
a: Renounce Religion, Potion Petition, Call Merchant, Bribe Branch


You were in the Dungeon.
You worshipped Gozag.
Gozag was noncommittal.
You visited 1 branch

Inventory:

Armour
 a - a +0 robe (worn)
Jewellery
 k - a +3 ring of intelligence (left claw)
 l - a +3 ring of strength (right claw)
Wands
 j - a wand of iceblast (10)
Scrolls
 h - 2 scrolls of blinking
 i - 2 scrolls of amnesia
Potions
 b - a potion of invisibility
 c - 4 potions of curing
 d - 2 potions of heal wounds
 e - a potion of haste
 f - 4 potions of magic


   Skills:
 - Level 1.5 Dodging
 - Level 1.0 Stealth
 * Level 8.5 Unarmed Combat
 - Level 1.2 Spellcasting
 - Level 0.6 Transmutations
 + Level 5.1 Poison Magic


You had 2 spell levels left.
You knew the following spells:

 Your Spells              Type           Power      Damage    Failure   Level
a - Sting                 Tmut/Pois      36%        1d4       8%          1
b - Mephitic Cloud        Conj/Pois/Air  6%         N/A       34%         3

Your spell library contained the following spells:

 Spells                   Type           Power      Damage    Failure   Level
 Poisonous Vapours        Pois/Air       16%        N/A       13%         2
 Olgreb's Toxic Radiance  Pois           16%        N/A       28%         4
 Ignite Poison            Fire/Tmut/Pois 6%         N/A       32%         3


Dungeon Overview and Level Annotations

Branches:
Dungeon (1/1)

Altars:
Cheibriados
Dithmenos
Elyvilon
Fedhas
Gozag
Hepliaklqana
Kikubaaqudgha
Makhleb
Nemelex Xobeh
Okawaru
Qazlal
Ru
Sif Muna
Trog
Uskayaw
Vehumet
Wu Jian
Xom
Yredelemnul
Zin
The Shining One
Beogh
Jiyva
Lugonu


Innate Abilities, Weirdness & Mutations

You are too large for most types of armour.
You have claws for hands.
Your natural rate of healing is unusually fast.
You are covered in fur. (AC +1)
You have tough skin. (AC +1)


Message History

Something hits you!
* * * LOW HITPOINT WARNING * * *
Something bites you.
* * * LOW HITPOINT WARNING * * *
Something draws strength from your injuries!
You feel much better.
The killer bee barely misses something.
The killer bee stings itself but does no damage.
Something hits you but does no damage. Something bites you!
Something draws strength from your injuries!
A red film seems to cover your vision as you go berserk!
You feel yourself moving faster!
You feel mighty!
The komodo dragon is no longer distracted by gold.
The killer bee stings something.
The killer bee closely misses something.
The killer bee completely misses itself.
The centaur is distracted by your dazzling golden aura, dreaming of imaginary riches.
Something hits you. Something bites you.
Something draws strength from your injuries!
You barely miss something. You barely miss something.
The killer bee barely misses something.
The troll is distracted by your dazzling golden aura, dreaming of imaginary riches.
Something hits you! Something bites you but does no damage.
The killer bee buzzes around in tight circles.
The killer bee barely misses something.
You closely miss something.
The killer bee barely misses something.
You barely miss something. Something hits you!
* * * LOW HITPOINT WARNING * * *
Something bites you!
* * * LOW HITPOINT WARNING * * *
Something draws strength from your injuries!
The killer bee misses something.
You closely miss something.
The komodo dragon is distracted by your dazzling golden aura, dreaming of imaginary riches.
You barely miss something.
The troll is no longer distracted by gold.
Something hits you.
* * * LOW HITPOINT WARNING * * *
Something bites you!
You die...
Your body crumbles into a pile of gold. $$$$$ $ $ $ $$$$$ $$$$$$ $ $ ▓▓▓▓▓▓▓▓▓▓▓▓▓▓▓▓▓▓▓▓▓▓▓▓ ..lTcy{@.[[[.)..'_______ ▓▓▓▓▓▓▓▓▓▓▓▓▓▓▓▓▓▓▓▓▓▓▓▓

You could see a komodo dragon (unaware), a troll, a centaur and a killer bee (confused).

Vanquished Creatures
  A centaur (D)
  A scorpion (D)
  A gnoll (D)
  An adder (D)
  A dart slug (D)
  A bat skeleton (D)
  A giant cockroach (D)
  A goblin (D)
  2 quokkas (D)
  A kobold (D)
11 creatures vanquished.

Notes
Turn   | Place    | Note
-------+----------+-------------------------------------------
     0 | D        | night the Troll Venom Mage began the quest for the Orb.
     0 | D        | Reached XP level 1. HP: 16/16 MP: 1/1
     7 | D        | Reached skill level 2 in Unarmed Combat
    23 | D        | Noticed a scorpion
    30 | D        | Reached skill level 3 in Unarmed Combat
    30 | D        | Reached XP level 2. HP: 23/24 MP: 2/2
    40 | D        | Reached skill level 4 in Unarmed Combat
    43 | D        | HP: 2/24 [scorpion (7)]
    47 | D        | Killed a scorpion
    48 | D        | Reached skill level 6 in Unarmed Combat
    48 | D        | Reached XP level 3. HP: 17/31 MP: 3/3
    48 | D        | Reached XP level 4. HP: 22/39 MP: 4/4
    79 | D        | Found a snail-covered altar of Cheibriados.
    79 | D        | Found a shadowy altar of Dithmenos.
    79 | D        | Found a white marble altar of Elyvilon.
    79 | D        | Found a blossoming altar of Fedhas.
    79 | D        | Found an opulent altar of Gozag.
    80 | D        | Found a hazy altar of Hepliaklqana.
    81 | D        | Found a viscous altar of Jiyva.
    82 | D        | Found an ancient bone altar of Kikubaaqudgha.
    83 | D        | Found a corrupted altar of Lugonu.
    84 | D        | Found a burning altar of Makhleb.
    85 | D        | Found a sparkling altar of Nemelex Xobeh.
    86 | D        | Found an iron altar of Okawaru.
    87 | D        | Became a worshipper of Gozag Ym Sagoz the Greedy
    88 | D        | Found a stormy altar of Qazlal.
    89 | D        | Found a sacrificial altar of Ru.
    90 | D        | Found a shimmering blue altar of Sif Muna.
    91 | D        | Found a bloodstained altar of Trog.
    92 | D        | Found a hide-covered altar of Uskayaw.
    93 | D        | Found a radiant altar of Vehumet.
    94 | D        | Found an ornate altar of the Wu Jian Council.
    95 | D        | Found a shimmering altar of Xom.
    96 | D        | Found a basalt altar of Yredelemnul.
    97 | D        | Found a glowing silver altar of Zin.
    98 | D        | Found a glowing golden altar of the Shining One.
   134 | D        | Learned a level 3 spell: Mephitic Cloud
   134 | D        | Noticed a komodo dragon
   134 | D        | Noticed a troll
   134 | D        | Noticed a centaur
   134 | D        | Noticed a vampire
   134 | D        | Noticed a centaur
   137 | D        | Killed a centaur
   138 | D        | Reached skill level 8 in Unarmed Combat
   138 | D        | Reached skill level 5 in Poison Magic
   138 | D        | Reached XP level 5. HP: 39/45 MP: 1/5
   142 | D        | HP: 6/45 [something (12)]
   148 | D        | HP: 7/67 [something (8)]
   150 | D        | Slain by a vampire

Illustrated notes

Levels and vault maps discovered:
D:        linesprint [early_d, line_temple, items_1, d_10, items_2, lair_1,
          lair_end, items_3, orc_1, orc_end, items_4, d_15, swamp_1, shoals_1,
          snake_1, spider_1, d_20, vaults_1, items_5, swamp_end, shoals_end,
          snake_end, spider_end, vaults_end, d_27, items_6, zot_1, zot_end,
          crypt_end, forest_end, elf_end, slime_end, tomb_end, abyss_end,
          pan_hell_end]

Skill      XL: |  1  2  3  4 |
---------------+-------------+-----
Unarmed Combat | 3 6 8 |  8.5
Poison Magic   | 4 5 |  5.1
Dodging        | |  1.5
Stealth        | |  1.0
Spellcasting   | |  1.2
Transmutations | |  0.6

Action                   |  1- 3 |  4- 6 || total
-------------------------+-------+-------++-------
Melee: Unarmed           |    33 |    19 ||    52
       Punch             |     2 |       ||     2
 Cast: Mephitic Cloud    |       |     1 ||     1
  Use: Potion            |     1 |     2 ||     3
 Stab: Sleeping          |     1 |       ||     1
Armor: Robe              |     9 |     5 ||    14
Dodge: Dodged            |    15 |     3 ||    18

Table legend: (Time is in decaauts)
 A = Elapsed time spent in this place.
 B = Non-inter-level travel time spent in this place.
 C = Inter-level travel time spent in this place.
 D = Time resting spent in this place.
 E = Time spent auto-exploring this place.
 F = Levels seen in this place.
 G = Mean time per level.
                   A        B        C        D        E       F      G
               +--------+--------+--------+--------+--------+-----+--------+
         Total |    142 |    142 |      0 |     17 |     20 |   1 |  142.0 |
       Dungeon |    142 |    142 |      0 |     17 |     20 |   1 |  142.0 |
               +--------+--------+--------+--------+--------+-----+--------+

Top non-repeatable levels by time:
       D: 142 daAuts
